 Dungeon Crawl Stone Soup version 0.31-a0-846-gb3bcc0d938 (webtiles) character file.

Game seed: 12837764839550747803

65 SkeletonJelly the Chopper (level 3, -1/3 HPs)
             Began as a Demonspawn Chaos Knight on Oct 3, 2023.
             Was a Plaything of Xom.
             Slain by a goblin
             ... wielding a +0 spear
              (3 damage)
             ... on level 3 of the Dungeon.
             The game lasted 00:03:36 (1824 turns).

SkeletonJelly the Chopper (Demonspawn Chaos Knight) Turns: 1824, Time: 00:03:36

Health: -1/3       AC:  2    Str: 19    XL:     3   Next: 92%
Magic:  3/3        EV:  9    Int: 13    God:    Xom [.*....]
Gold:   91         SH:  0    Dex: 12    Spells: 2/2 levels left

rFire   . . .        a - melded +0 hand axe (chaos)
rCold   . . .        (shield currently unavailable)
rNeg    . . .        b - melded +2 leather armour
rPois   .            j - melded +0 hat of Widuc {rElec rF+ rC+}
rElec   .            (cloak currently unavailable)
rCorr   .            (gloves currently unavailable)
SInv    .            (boots currently unavailable)
Will    .....        l - amulet of magic regeneration
Stlth   +            (no ring)
HPRegen 0.20/turn    (no ring)
MPRegen 0.48/turn

%: no passive effects
@: snake-form
A: constrict, reduced hp, large, demonic guardian 1
a: Begin Untransformation, Renounce Religion


You were on level 3 of the Dungeon.
You worshipped Xom.
You were a plaything of Xom.
You were an enormous anaconda.
You visited 1 branch of the dungeon, and saw 3 of its levels.

You collected 91 gold pieces.

Inventory:

Hand Weapons
 a - a +0 hand axe of chaos (melded)
Missiles
 p - 2 poisoned darts
Armour
 b - a +2 leather armour (melded)
 i - a +1 ring mail of fire resistance
 j - the +0 hat of Widuc (melded) {rElec rF+ rC+}
   (You found it on level 2 of the Dungeon)

   rF+:       It protects you from fire.
   rC+:       It protects you from cold.
   rElec:     It insulates you from electricity.
Jewellery
 l - an amulet of magic regeneration (around neck)
Talismans
 q - a serpent talisman (active)
Scrolls
 c - a scroll of butterflies
 e - a scroll of enchant armour {unknown}
 f - 2 scrolls of identify {unknown}
 g - 2 scrolls of blinking {unknown}
 k - a scroll of vulnerability {unknown}
Potions
 d - a potion of lignification {unknown}
 h - a potion of might {unknown}
 m - a potion of attraction {unknown}
 n - a potion of magic {unknown}
 o - 2 potions of haste {unknown}


   Skills:
 - Level 3.0 Fighting
 + Level 4.4 Axes
 - Level 1.7 Armour
 - Level 0.8 Dodging


You had 2 spell levels left.
You didn't know any spells.
Your spell library was empty.

Dungeon Overview and Level Annotations

Branches:
Dungeon (3/15)

Altars:
Cheibriados
Okawaru

Shops:
D:3 [


Innate Abilities, Weirdness & Mutations

You are an enormous anaconda.
You have a powerful constriction melee attack.
Your maximum health is decreased, since you lack skill for your form.
Your armour is entirely melded.
You are incapable of wielding weapons or throwing items.
A weak demonic guardian rushes to your aid.


Message History

No target in view!
No target in view!
Found a stone staircase leading down.
Key pressed, stopping explore.
An adder comes into view.
An adder is nearby!
An adder is nearby!
An adder is nearby!
You miss the adder.
The adder bites you but does no damage. x2
You closely miss the adder. The adder completely misses you.
You slash the adder!
The adder is heavily wounded.
The adder bites you.
You are poisoned.
The adder poisons you! The adder bites you.
You are more poisoned.
The adder poisons you!
You take 4 damage, and have 25/29 hp.
You completely miss the adder.
The adder is heavily wounded.
You feel very sick. The adder closely misses you.
You take 3 damage, and have 22/29 hp.
You closely miss the adder.
The adder is heavily wounded.
You feel sick. The adder bites you but does no damage.
You take 2 damage, and have 20/29 hp.
You closely miss the adder.
The adder is heavily wounded.
You feel sick.
The adder bites you but does no damage. x2
You take 2 damage, and have 18/29 hp.
You hit the adder. You freeze the adder.
You kill the adder!
You feel sick.
No target in view!
No target in view!
No target in view!
No target in view!
No target in view!
You feel sick.
You feel sick.
You feel sick.
You feel sick.
You are no longer poisoned.
You are now a plaything of Xom.
A hobgoblin comes into view.
Health restored: 29 A hobgoblin is nearby!
A hobgoblin is nearby!
A hobgoblin is nearby!
A hobgoblin is nearby!
You hit the hobgoblin.
You kill the hobgoblin!
No target in view!
No target in view!
No target in view!
No target in view!
No target in view!
You start removing your armour.
You continue taking off your +1 ring mail of fire resistance. x4
You finish taking off your +1 ring mail of fire resistance.
You feel less resistant to fire.
You start putting on your armour.
You continue putting on your +2 leather armour. x5
You finish putting on your +2 leather armour.
You see here a hobgoblin corpse. 2 goblins come into view.
The goblin shouts! x2; You hear a shout!
There are monsters nearby!
There are monsters nearby!
There are monsters nearby!
There are monsters nearby!
There are monsters nearby!
Okay, then.
Cleave: a) +0 hand axe (chaos)
Press: ? - help, Dir - move target, f - you
Okay, then.
There are monsters nearby!
You begin transforming.
You continue transforming. x3
You turn into an enormous anaconda.
Your +0 hand axe of chaos melds into your body.
The +0 hat of Widuc {rElec rF+ rC+} melds into your body.
Your +2 leather armour melds into your body.
You take 26 damage, and have 3/3 hp.
MASSIVE DAMAGE!!
A quokka comes into view.
You lash the orc!
You kill the orc!
You closely miss the quokka. Your grab misses the quokka. The quokka bites you.
Ouch! That really hurt!
A shower of butterflies erupts from you!
A demonic guardian appears!
You take 2 damage, and have 1/3 hp.
MASSIVE DAMAGE!!
You hit the quokka.
You kill the quokka!
You swap places.
Found an iron altar of Okawaru.
You swap places.
The goblin hits you from afar with a +0 spear.
Ouch! That really hurt!
You die... "It was about time."

####### #..8..# #.8_8.#
#..8..# #≈≈.≈≈# # #
#g≈.≈g# #.#.##≈≈.≈≈#
##.....S5.b.####
.....##b..b.....
##.....bb..b.... #
#...##.....#######..###
#...##..)..##..........
#...###...###.##.......
.#####...###†.##
#.##.....##
.............##
#.##.......
######..######
##.##.....##


You could see 2 goblins and a friendly ufetubus (summoned).

Vanquished Creatures
  An adder (D:3)
  2 worms (D:2)
  2 dart slugs
  An orc (D:3)
  2 endoplasms (D:2)
  A giant cockroach (D:3)
  4 goblins
  9 hobgoblins
  3 kobolds
  5 quokkas
  2 ball pythons
  4 bats
  A frilled lizard (D:1)
  A rat (D:2)
38 creatures vanquished.

Vanquished Creatures (collateral kills)
  A kobold (D:1)
1 creature vanquished.

Grand Total: 39 creatures vanquished

Notes
Turn   | Place    | Note
-------+----------+-------------------------------------------
     0 | D:1      | SkeletonJelly the Demonspawn Chaos Knight began the quest
                  | for the Orb.
     0 | D:1      | Reached XP level 1. HP: 18/18 MP: 1/1
    76 | D:1      | Reached skill level 3 in Axes
   199 | D:1      | Gained mutation: A weak demonic guardian rushes to your
                  | aid. [demonic ancestry]
   199 | D:1      | Reached XP level 2. HP: 20/24 MP: 2/2
   540 | D:1      | XOM: silly message
  1139 | D:2      | Reached XP level 3. HP: 29/29 MP: 3/3
  1142 | D:2      | Identified the +0 hat of Widuc {rElec rF+ rC+}
  1230 | D:2      | XOM: noise
  1244 | D:2      | Reached skill level 4 in Axes
  1349 | D:2      | XOM: 9-stop teleportation journey
  1626 | D:3      | Found a snail-covered altar of Cheibriados.
  1649 | D:3      | Found Ruiluwk's Armour Boutique.
  1819 | D:3      | XOM: butterfly on damage
  1821 | D:3      | Found an iron altar of Okawaru.
  1824 | D:3      | Slain by a goblin

Illustrated notes

Levels and vault maps discovered:
D:1:      dreamdust_arrival_sigmund_warning, layout_loops_corners
D:2:      layout_rooms, nicolae_underground_beach
D:3:      layout_loops_ring, lightli_temple_of_fire,
          gammafunk_temple_overflow_elements, kennysheep_okawaru_gauntlet,
          serial_shops, nicolae_shop_advertising_works
          [nicolae_subvault_shop_adworks], uniq_terence

Skill      XL: |  1  2  3 |
---------------+----------+-----
Axes           | 3 4 |  4.4
Fighting       | |  3.0
Armour         | |  1.7
Dodging        | |  0.8

Action                     || total
---------------------------++-------
  Melee: Hand axe          ||   109
         Punch             ||     3
         Unarmed           ||     3
   Stab: Sleeping          ||     1
 Armour: Leather armour    ||    33
         Ring mail         ||    42
         Skin              ||     2
  Dodge: Dodged            ||    56
   Form: Anaconda          ||     1

Table legend: (Time is in decaauts)
 A = Elapsed time spent in this place.
 B = Non-inter-level travel time spent in this place.
 C = Inter-level travel time spent in this place.
 D = Time resting spent in this place.
 E = Time spent auto-exploring this place.
 F = Levels seen in this place.
 G = Mean time per level.
                   A        B        C        D        E       F      G
               +--------+--------+--------+--------+--------+-----+--------+
         Total |   1836 |   1637 |    199 |      0 |   1342 |   3 |  612.0 |
       Dungeon |   1836 |   1637 |    199 |      0 |   1342 |   3 |  612.0 |
               +--------+--------+--------+--------+--------+-----+--------+

Top non-repeatable levels by time:
     D:1: 1049 daAuts
     D:2: 582 daAuts
     D:3: 204 daAuts
